 Dungeon Crawl Stone Soup version 0.26.0-10-g1f06aea511 (webtiles) character file.

Game seed: 8064121203704936394

409 Borgoz the Slasher (level 6, -1/52 HPs)
             Began as a Ghoul Gladiator on Jan 15, 2021.
             Slain by an ogre
             ... wielding a +0 giant club
              (24 damage)
             ... on level 3 of the Dungeon.
             The game lasted 00:03:28 (3432 turns).

Borgoz the Slasher (Ghoul Gladiator)                Turns: 3432, Time: 00:03:28

Health: -1/52      AC:  4    Str: 18    XL:     6   Next: 89%
Magic:  5/5        EV: 13    Int:  3    God:
Gold:   169        SH:  0    Dex: 12    Spells: 5/5 levels left

rFire    . . .     SeeInvis .   a - +0 long sword
rCold    + . .     Faith    .   (no shield)
rNeg     + + +     Spirit   .   b - +0 leather armour
rPois    ∞         Reflect  .   c - +0 helmet
rElec    .         Harm     .   (no cloak)
rCorr    .         Rampage  .   (no gloves)
Will     .....                  (no boots)
Stlth    +.........             k - amulet of the acrobat
HPRegen  0.00/turn              (no ring)
MPRegen  0.09/turn              (no ring)

@: no status effects
A: claws 1, cold resistance 1, negative energy resistance 3, inhibited
regeneration, torment resistance, unbreathing
a: no special abilities


You were on level 3 of the Dungeon.
You visited 1 branch of the dungeon, and saw 3 of its levels.

You collected 169 gold pieces.

Inventory:

Hand Weapons
 a - a +0 long sword (weapon)
Armour
 b - a +0 leather armour (worn)
 c - a +0 helmet (worn)
Jewellery
 k - an amulet of the acrobat (around neck)
Wands
 h - a wand of paralysis (8)
Scrolls
 f - a scroll of magic mapping {unknown}
 i - 2 scrolls of identify {unknown}
 l - a scroll of fear {unknown}
 m - a scroll of remove curse
 n - 2 scrolls of teleportation {unknown}
Potions
 e - a potion of curing {unknown}
 g - a potion of flight {unknown}
 j - a potion of resistance {unknown}
 o - a potion of heal wounds {unknown}


   Skills:
 + Level 3.6 Fighting
 * Level 4.4 Long Blades
 - Level 1.7 Throwing
 * Level 3.3 Armour
 + Level 3.7 Dodging


You had 5 spell levels left.
You didn't know any spells.
Your spell library was empty.

Dungeon Overview and Level Annotations

Branches:
Dungeon (3/15)

Altars:
Dithmenos


Innate Abilities, Weirdness & Mutations

You thrive by killing the living.
You are immune to poison.
You have sharp fingernails.
Your flesh is cold resistant. (rC+)
You are immune to negative energy. (rN+++)
You do not regenerate when monsters are visible.
You are immune to unholy pain and torment.
You can survive without breathing.


Message History

The ogre is heavily wounded.
The ogre hits you with a +0 giant club!!
You hit the ogre.
The ogre is heavily wounded.
The ogre closely misses you.
You barely miss the ogre.
The ogre is heavily wounded.
The ogre hits you with a +0 giant club!
Throw: throwing net
Press: ? - help, Q - select action, (/) - cycle Shift-Dir - straight line, f - ogre
Aim: an ogre, wielding a +0 giant club (heavily wounded)
You throw a throwing net.
The throwing net barely misses the ogre.
You barely miss the ogre.
The ogre is heavily wounded.
The ogre misses you.
You slash the ogre!
The ogre is almost dead.
The ogre hits you with a +0 giant club!!
You die...

.# ################ .#
...............# .#
### ##############.#
#.### #####+#.. #.#
....# ........#
#.##..$.# ........#
###.......##.........#
+....@................
###.##O...###....#.#.#
#.# ....# ....#.#.#
..... #+# ....#
....#+#'# #### .......
...(# .........
...##....... ....#
.......). ##.##.......
.?... .........
##..#....... ......
......... ............
.........


You could see an ogre.

Vanquished Creatures
  Sigmund (D:2)
  A centaur (D:3)
  Terence (D:2)
  Natasha (thrice) (D:2)
  An adder (D:2)
  A worm (D:2)
  A dart slug (D:2)
  2 leopard geckos
  3 orcs (D:3)
  2 ball pythons
  7 bats
  4 giant cockroaches
  4 goblins
  8 hobgoblins
  4 jackals
  3 frilled lizards
  6 kobolds
  7 rats
59 creatures vanquished.

Vanquished Creatures (others)
  A plant (D:2)
1 creature vanquished.

Grand Total: 60 creatures vanquished

Notes
Turn   | Place    | Note
-------+----------+-------------------------------------------
     0 | D:1      | Borgoz the Ghoul Gladiator began the quest for the Orb.
     0 | D:1      | Reached XP level 1. HP: 17/17 MP: 0/0
   243 | D:1      | Reached XP level 2. HP: 22/25 MP: 1/1
   526 | D:1      | Reached skill level 3 in Long Blades
   552 | D:1      | Reached skill level 1 in Armour
   744 | D:1      | Reached XP level 3. HP: 29/30 MP: 2/2
   988 | D:2      | Noticed Sigmund
  1005 | D:2      | Killed Sigmund
  1006 | D:2      | Reached XP level 4. HP: 21/38 MP: 3/3
  1006 | D:2      | Reached XP level 5. HP: 25/45 MP: 4/4
  1332 | D:2      | Noticed Terence
  1350 | D:2      | Killed Terence
  1351 | D:2      | Reached skill level 4 in Long Blades
  1718 | D:2      | Reached XP level 6. HP: 49/51 MP: 5/5
  1786 | D:2      | Noticed Natasha
  1807 | D:2      | Killed Natasha
  1866 | D:2      | Noticed Natasha
  1898 | D:2      | Killed Natasha
  2642 | D:2      | Noticed Natasha
  2656 | D:2      | Killed Natasha
  3306 | D:3      | Found a shadowy altar of Dithmenos.
  3432 | D:3      | Slain by an ogre

Illustrated notes

Levels and vault maps discovered:
D:1:      psy_arrival_terrarium, layout_basic
D:2:      layout_basic, serial_forest, infiniplex_forest_corner_2,
          infiniplex_forest_zigzag_1, infiniplex_forest_lined_room_,
          infiniplex_forest_lined_corner, infiniplex_forest_corner_2,
          infiniplex_forest_lined_room_2, infiniplex_forest_3_way,
          infiniplex_forest_lined_room_2, infiniplex_forest_clump_long,
          grunt_decor_arrowhead, hangedman_decor_diamond_cutter,
          minmay_misc_feat_alley, uniq_terence, uniq_sigmund, uniq_natasha
D:3:      layout_basic, grunt_dithmenos_smoke, uniq_crazy_yiuf_cottage

Skill      XL: |  1  2  3  4  5  6 |
---------------+-------------------+-----
Long Blades    | 3 4 |  4.4
Armour         | 1 2 3 |  3.3
Fighting       | 3 |  3.6
Dodging        | 3 |  3.7
Throwing       | |  1.7

Action                   |  1- 3 |  4- 6 || total
-------------------------+-------+-------++-------
Melee: Long sword        |    70 |   127 ||   197
Throw: Throwing net      |     1 |     3 ||     4
  Use: Scroll            |       |     4 ||     4
       Potion            |       |     1 ||     1
 Stab: Held in net/web   |       |     1 ||     1
Armor: Leather armour    |    23 |    19 ||    42
Dodge: Dodged            |    59 |    97 ||   156
       Rpst.: Long sword |    18 |    35 ||    53
